 Dungeon Crawl Stone Soup version 0.29-a0-409-gd843f3a48c (webtiles) character file.

Game seed: 6965707388959740845

208 ParallaxScroll the Sneak (level 5, -4/24 HPs)
             Began as a Spriggan Enchanter on May 13, 2022.
             Slain by Pikel
             ... wielding a +2 whip of flaming
              (6 damage)
             ... on level 4 of the Dungeon.
             The game lasted 00:22:58 (3987 turns).

ParallaxScroll the Sneak (Spriggan Enchanter)       Turns: 3987, Time: 00:22:59

Health: -4/24      AC:  3    Str:  4    XL:     5   Next: 55%
Magic:  6/10       EV: 22    Int: 16    God:
Gold:   192        SH:  5    Dex: 18    Spells: 2/10 levels left

rFire   . . .      SeeInvis +   a - +1 dagger
rCold   . . .      Faith    .   (no shield)
rNeg    . . .      Spirit   .   g - +0 robe
rPois   .          Reflect  +   (helmet restricted)
rElec   .          Harm     .   u - +0 cloak
rCorr   .          Rampage  .   (gloves unavailable)
Will    .....                   (boots unavailable)
Stlth   +++.......              p - amulet of reflection
HPRegen 0.08/turn               j - +4 ring of evasion
MPRegen 0.12/turn               (no ring)

@: very quick
A: very small, no large weapons, unfitting armour, see invisible, speed 3
a: no special abilities


You were on level 4 of the Dungeon.
You visited 1 branch of the dungeon, and saw 4 of its levels.

You collected 192 gold pieces.

Inventory:

Hand Weapons
 a - a +1 dagger (weapon)
 b - a +0 hunting sling
Missiles
 d - 167 stones (quivered)
 q - 8 poisoned darts
 r - 4 boomerangs
Armour
 g - a +0 robe (worn)
 u - a +0 cloak (worn)
Jewellery
 f - a ring of ice
 j - a +4 ring of evasion (left hand)
 p - an amulet of reflection (around neck)
 s - an amulet of magic regeneration
Wands
 t - a wand of paralysis (10)
 C - a wand of charming (4)
Scrolls
 h - a scroll of enchant armour {unknown}
 k - 2 scrolls of identify {unknown}
 n - a scroll of amnesia {unknown}
 v - a scroll of vulnerability {unknown}
 w - 2 scrolls of fog {unknown}
 x - 2 scrolls of acquirement {unknown}
 y - a scroll of magic mapping {unknown}
 z - a scroll of poison {unknown}
 A - a scroll of enchant weapon {unknown}
 B - 2 scrolls of teleportation {unknown}
 D - a scroll of noise {unknown}
Potions
 c - 2 potions of invisibility
 e - 2 potions of heal wounds {unknown}
 i - 2 potions of resistance {unknown}
 l - a potion of brilliance {unknown}
 m - a potion of haste {unknown}
 o - a potion of degeneration {unknown}


   Skills:
 + Level 2.7 Short Blades
 - Level 3.0 Dodging
 - Level 6.0 Stealth
 - Level 3.0 Spellcasting
 - Level 6.0 Hexes
 + Level 0.8 Evocations


You had 2 spell levels left.
You knew the following spells:

 Your Spells              Type           Power      Damage    Failure   Level
a - Ensorcelled Hibernat  Hex/Ice        24%        N/A       9%          2
b - Confusing Touch       Hex            21%        N/A       4%          3
c - Tukima's Dance        Hex            21%        N/A       4%          3

Your spell library contained the following spells:

 Spells                   Type           Power      Damage    Failure   Level
 Animate Skeleton         Necr           4%         N/A       19%         1
 Apportation              Tloc           4%         N/A       19%         1
 Foxfire                  Conj/Fire      8%         2x1d4     19%         1
 Summon Small Mammal      Summ           8%         N/A       19%         1
 Dazzling Flash           Conj/Hex       24%        N/A       16%         3
 Inner Flame              Hex/Fire       12%        N/A       16%         3
 Conjure Flame            Conj/Fire      2%         6-21      50%         3
 Flame Wave               Conj/Fire      2%         2d4       88%         4


Dungeon Overview and Level Annotations

Branches:
Dungeon (4/15)
 Temple: D:4-7

Altars:
Cheibriados
Dithmenos
Elyvilon

Annotations:
D:4 Pikel


Innate Abilities, Weirdness & Mutations

You are very small and have problems with some larger weapons.
You are too small for most types of armour.
You have supernaturally acute eyesight. (SInv)
You cover ground extremely quickly. (Speed+++)


Message History

You barely miss Pikel. Pikel misses you.
You hit Pikel but do no damage. Pikel completely misses you.
You hit Pikel but do no damage.
Pikel appears confused.
You hit Pikel but do no damage. You hit Pikel but do no damage.
Pikel closely misses you.
You hit Pikel but do no damage. You barely miss Pikel.
You hit Pikel but do no damage.
Pikel hits you with a +2 whip of flaming!
Pikel burns you.
You hit Pikel but do no damage.
Pikel cries.
You barely miss Pikel.
Found a scroll labelled HITTUB DIBEOL.
You barely miss Pikel. You hit Pikel but do no damage.
A goblin comes into view. It is wielding a +0 club.
Pikel shouts, "What's happening?!"
You hit Pikel but do no damage.
Pikel hits you with a +2 whip of flaming!
* * * LOW HITPOINT WARNING * * *
Pikel burns you.
* * * LOW HITPOINT WARNING * * *
You hit Pikel but do no damage.
Pikel seems less confused.
Pikel completely misses you.
Casting: Confusing Touch (quite dangerous; 4% risk of failure)
Confirm with . or Enter, or press ? or * to list all spells.
Your hands begin to glow red.
Pikel misses you.
You miss Pikel.
Pikel says, "Hell isn't that bad."
Pikel misses you.
You hit Pikel but do no damage. Pikel closely misses you.
You hit Pikel but do no damage.
Pikel appears confused.
Pikel chortles and stares into space.
Pikel completely misses you.
You hit Pikel but do no damage. You hit Pikel but do no damage.
Pikel hits you with a +2 whip of flaming.
You die...

#... .g... #... ..?.. #...
.## ..... ####... ..##...#
##...... #### ....#.#
##...#...
.....##..#.#####^..##...
#..K..#.#......######
##.@...........#####
#.......#.....####......
######.##.........###### ...
###............# # #..
#....#.........# # #...
#.#..#.........######
#...####.#...............##.
....... #..).........##....
#S5..# #..#.........####..


You could see Pikel (confused) and a goblin (asleep).

Vanquished Creatures
  4 lemures
  A necrophage (D:4)
  Jessica (D:2)
  4 adders
  A worm (D:3)
  6 dart slugs
  An orc (D:4)
  7 bats
  9 endoplasms
  3 giant cockroaches
  11 goblins
  4 hobgoblins
  2 quokkas (D:3)
  5 ball pythons
  2 frilled lizards
  3 kobolds
  8 rats
72 creatures vanquished.

Notes
Turn   | Place    | Note
-------+----------+-------------------------------------------
     0 | D:1      | ParallaxScroll the Spriggan Enchanter began the quest for
                  | the Orb.
     0 | D:1      | Reached XP level 1. HP: 9/9 MP: 5/5
   382 | D:1      | Found a faded altar of an unknown god.
   551 | D:1      | Reached XP level 2. HP: 13/13 MP: 6/6
   554 | D:1      | Learned a level 2 spell: Ensorcelled Hibernation
  1141 | D:1      | Reached skill level 5 in Stealth
  1152 | D:1      | Reached XP level 3. HP: 13/16 MP: 6/8
  1156 | D:1      | Learned a level 3 spell: Confusing Touch
  1586 | D:2      | Noticed Jessica
  1594 | D:2      | Killed Jessica
  1595 | D:2      | Reached XP level 4. HP: 21/21 MP: 6/9
  2032 | D:3      | Found a snail-covered altar of Cheibriados.
  2032 | D:3      | Found a shadowy altar of Dithmenos.
  2272 | D:3      | Learned a level 3 spell: Tukima's Dance
  2278 | D:3      | Reached skill level 5 in Hexes
  2532 | D:3      | Found a white marble altar of Elyvilon.
  3029 | D:4      | Noticed a necrophage
  3049 | D:4      | Killed a necrophage
  3050 | D:4      | Reached XP level 5. HP: 24/24 MP: 7/10
  3249 | D:4      | Noticed a lemure
  3250 | D:4      | Noticed a lemure
  3250 | D:4      | Noticed a lemure
  3251 | D:4      | Noticed Pikel
  3251 | D:4      | Noticed a lemure
  3267 | D:3      | Killed a lemure
  3514 | D:4      | Killed a lemure
  3558 | D:4      | Killed a lemure
  3665 | D:4      | Killed a lemure
  3987 | D:4      | Slain by Pikel

Illustrated notes

Levels and vault maps discovered:
D:1:      dpeg_arrival_boxes_within_box, layout_basic,
          ebering_ecumenical_altar_mist
D:2:      layout_loops_cross, uniq_jessica
D:3:      layout_rooms, mainiacjoe_overflow_chevrons, lemuel_crystal_altar,
          nicolae_dithmenos_through_a_glass_darkly, minmay_pentangle
D:4:      layout_rooms, uniq_pikel

Skill      XL: |  1  2  3  4 |
---------------+-------------+-----
Dodging        | 3 |  3.0
Spellcasting   | 3 |  3.0
Hexes          | 4 6 |  6.0
Stealth        | 5 6 |  6.0
Short Blades   | 2 |  2.7
Evocations     | |  0.8

Action                   |  1- 3 |  4- 6 || total
-------------------------+-------+-------++-------
Melee: Dagger            |    77 |   195 ||   272
       Punch             |     1 |     1 ||     2
 Cast: Ensorcelled Hiber |     5 |    21 ||    26
       Confusing Touch   |       |     6 ||     6
 Stab: Sleeping          |    12 |    19 ||    31
       Distracted        |       |     2 ||     2
       Confused          |       |     3 ||     3
Armor: Robe              |     8 |     3 ||    11
Dodge: Dodged            |    36 |   121 ||   157
Block: Other             |       |    24 ||    24
       Reflection        |       |     1 ||     1

Table legend: (Time is in decaauts)
 A = Elapsed time spent in this place.
 B = Non-inter-level travel time spent in this place.
 C = Inter-level travel time spent in this place.
 D = Time resting spent in this place.
 E = Time spent auto-exploring this place.
 F = Levels seen in this place.
 G = Mean time per level.
                   A        B        C        D        E       F      G
               +--------+--------+--------+--------+--------+-----+--------+
         Total |   3104 |   3018 |     86 |   1399 |   1049 |   4 |  776.0 |
       Dungeon |   3104 |   3018 |     86 |   1399 |   1049 |   4 |  776.0 |
               +--------+--------+--------+--------+--------+-----+--------+

Top non-repeatable levels by time:
     D:1: 1059 daAuts
     D:3: 820 daAuts
     D:4: 781 daAuts
     D:2: 443 daAuts
